Map: New Repugnancy LE

Players

Rail

  • Race: Protoss Protoss
  • Spawn Location: 7:00

TRUE - Winner!

  • Race: Zerg Zerg
  • Spawn Location: 1:00

Event: IEM Season 13: Katowice (2019)

VOD

Have the link to the VOD?

Description

Time

  • Played on: Feb. 26, 2019, 4:57 a.m.
  • Length: 11:28

All games in this series

Show
View Real Time Build Order
Export as new Build Order

Rail Protoss 

Build Orders: Chargelot Immortal 

Get SALT Encoding   

  12  0:00  Probe  
  13  0:12  Probe  
  14  0:20  Pylon  
  14  0:24  Probe  
  15  0:34  Probe  
  15  0:40  Gateway  
  15  0:42  Probe  
  16  0:47  Assimilator  
  17  0:53  Probe  
  18  1:05  Probe  
  19  1:17  Probe  
  20  1:20  Gateway, Zealot  
  20  1:27  Cybernetics Core  
  20  1:31  Pylon  
  21  1:38  Assimilator  
  22  1:42  Zealot  
  21  1:49  Probe  
  24  2:01  Adept, Probe  
  25  2:07  Pylon  
  25  2:09  Adept  
  29  2:23  Pylon  
  29  2:35  Probe, Nexus  
  28  2:39  Warp Gate  
  28  2:46  Robotics Facility  
  28  2:49  Probe  
  29  2:56  Pylon  
  29  3:01  Probe  
  30  3:11  Twilight Council  
  30  3:22  Probe  
  30  3:23  Immortal  
  33  3:34  Probe  
  33  3:41  Stalker, Charge  
  36  3:50  Probe  
  36  3:53  Probe  
  38  4:02  Immortal  
  38  4:03  Probe  
  38  4:07  Probe  
  44  4:22  Probe x2  
  46  4:31  Gateway  
  46  4:32  Gateway, Warp Prism  
  46  4:36  Gateway  
  48  4:52  Gateway  
  48  4:56  Gateway  
  48  4:58  Pylon  
  48  5:01  Zealot  
  48  5:04  Zealot  
  52  5:08  Observer  
  52  5:12  Pylon  
  53  5:17  Pylon  
  53  5:23  Pylon  
  53  5:27  Zealot x4  
  61  5:31  Pylon  
  59  5:49  Probe  
  48  5:51  Probe  
  48  5:53  Assimilator  
  48  5:54  Assimilator  
  45  6:01  Probe  
  45  6:03  Probe  
  47  6:11  Zealot x2, Probe  
  49  6:12  Zealot x2  
  49  6:15  Probe  
  57  6:19  Probe  
  58  6:26  Probe  
  58  6:27  Probe  
  58  6:28  Pylon x2  
  60  6:34  Probe  
  60  6:39  Probe  
  62  6:41  Robotics Bay  
  62  6:42  Probe  
  62  6:45  Immortal  
  63  6:51  Probe  
  63  6:54  Zealot x4  
  70  6:55  Zealot  
  79  7:04  Pylon  
  78  7:10  Pylon  
  78  7:16  Pylon  
  78  7:17  Disruptor  
  81  7:38  Forge  
  81  7:49  Blink  
  81  7:51  Pylon  
  81  7:52  Pylon  
  81  7:53  Immortal  
  81  7:54  Pylon  
  85  8:00  Sentry, Zealot x2  
  85  8:01  Zealot x3  
  85  8:02  Zealot  
  99  8:13  Pylon  
  99  8:14  Pylon  
  99  8:21  Stalker  
  99  8:22  Zealot, Pylon  
  99  8:23  Stalker  
  105  8:28  Protoss Ground Weapons Level 1  
  105  8:38  Zealot  
  107  8:57  Zealot x3  
  107  9:00  Sentry, Stalker x2  
  109  9:05  Nexus  
  109  9:07  Zealot  
  111  9:18  Zealot x3  
  101  9:33  Stalker x2  
  101  9:34  Stalker x2  
  97  9:40  Zealot, Stalker  
  77  10:00  Zealot x3  
  77  10:13  Zealot  
  66  10:15  Immortal  
  66  10:19  Sentry, Zealot x2  
  70  10:22  Zealot x2  
  73  10:29  Zealot  
  75  10:40  Templar Archives  
  75  10:41  Probe x2  
  77  10:43  Sentry  
  77  10:49  Sentry, Zealot x2  
  85  10:51  Probe  
  85  10:57  Sentry  
  88  11:00  Zealot x2  
  88  11:03  Probe  
  93  11:16  Stalker x3  
  93  11:22  Stalker  
Show
View Real Time Build Order
Export as new Build Order

TRUE Zerg - Winner!

Build Orders: Pool First 

Get SALT Encoding   

  12  0:17  Spawning Pool  
  11  0:22  Drone  
  11  0:27  Drone  
  13  0:30  Drone  
  14  0:39  Overlord  
  14  1:03  Zergling x4  
  16  1:05  Zergling x2  
  17  1:16  Hatchery  
  17  1:18  Zergling x2  
  17  1:26  Zergling x2  
  18  1:34  Queen  
  18  1:38  Drone  
  21  1:48  Overlord  
  21  1:58  Drone  
  22  2:12  Drone  
  22  2:20  Drone  
  23  2:29  Drone  
  21  2:31  Drone  
  21  2:32  Queen  
  21  2:33  Queen  
  26  2:39  Drone  
  26  2:42  Drone  
  28  2:50  Zergling x2  
  29  2:54  Zergling x2  
  30  3:00  Zergling x2  
  30  3:04  Zergling x2  
  32  3:20  Drone x2  
  32  3:22  Drone  
  32  3:24  Drone  
  32  3:25  Extractor  
  32  3:26  Extractor  
  33  3:32  Drone  
  34  3:35  Drone  
  35  3:52  Overlord  
  35  3:55  Hatchery  
  34  3:58  Drone  
  34  4:02  Overlord  
  35  4:06  Overlord  
  35  4:10  Queen, Drone x5  
  35  4:12  Drone  
  43  4:20  Drone  
  43  4:21  Drone  
  45  4:26  Metabolic Boost  
  45  4:28  Roach Warren  
  44  4:32  Drone x2  
  44  4:34  Drone  
  44  4:36  Drone  
  48  4:38  Drone  
  48  4:44  Overlord  
  49  4:49  Queen  
  49  4:52  Overlord  
  51  5:00  Spine Crawler  
  50  5:07  Roach  
  50  5:08  Roach x3  
  50  5:09  Roach  
  50  5:12  Roach  
  62  5:17  Zergling x2  
  62  5:18  Zergling x4  
  62  5:20  Zergling x2  
  66  5:21  Zergling x2  
  66  5:23  Zergling x2  
  66  5:24  Zergling x2  
  66  5:26  Zergling x2  
  66  5:27  Ravager  
  66  5:28  Ravager x2  
  73  5:31  Roach  
  73  5:35  Roach  
  77  5:39  Roach  
  79  5:47  Roach, Zergling x2  
  77  5:53  Zergling x2  
  77  5:54  Zergling x8  
  81  5:58  Overlord  
  81  6:00  Overlord  
  81  6:01  Overlord  
  79  6:06  Drone x2  
  79  6:07  Overlord  
  81  6:11  Lair  
  81  6:18  Drone x3  
  81  6:19  Drone  
  81  6:20  Drone  
  84  6:26  Overlord  
  84  6:35  Drone  
  84  6:36  Drone x3  
  84  6:39  Drone x2  
  91  6:40  Drone x4  
  91  6:41  Drone  
  91  6:44  Drone  
  91  6:47  Drone  
  97  6:50  Drone x2  
  99  6:57  Roach  
  101  7:03  Roach x2  
  101  7:06  Roach x2, Extractor  
  101  7:07  Overlord  
  109  7:08  Roach  
  109  7:10  Overlord, Glial Reconstitution  
  109  7:11  Roach  
  109  7:12  Roach  
  109  7:14  Roach  
  115  7:16  Roach  
  117  7:24  Overlord  
  117  7:25  Roach x2  
  117  7:26  Roach  
  117  7:27  Roach  
  125  7:31  Roach  
  127  7:39  Roach x2  
  127  7:42  Overlord  
  131  7:44  Overlord  
  131  7:45  Overlord  
  131  7:46  Queen x2, Roach  
  131  7:47  Overlord  
  131  7:49  Overlord  
  131  7:50  Roach  
  139  7:52  Roach  
  139  7:55  Roach  
  139  7:57  Roach, Overlord  
  145  8:00  Overlord  
  145  8:01  Roach  
  145  8:04  Roach  
  149  8:07  Roach  
  149  8:10  Roach  
  153  8:13  Roach, Overlord  
  153  8:16  Roach  
  153  8:19  Roach  
  159  8:22  Roach  
  159  8:23  Extractor  
  159  8:26  Roach, Zergling x2  
  163  8:30  Roach  
  165  8:36  Roach x2  
  165  8:37  Roach  
  172  8:41  Roach  
  172  8:44  Roach  
  172  8:45  Zergling x14  
  171  8:50  Zergling x2  
  171  8:51  Zergling x2  
  172  8:56  Zergling x2  
  172  9:01  Zergling x2  
  167  9:03  Zergling x2  
  167  9:05  Zergling x2  
  167  9:07  Zergling x2  
  167  9:09  Zergling x2  
  171  9:10  Zergling x2  
  171  9:12  Spire  
  171  9:13  Zergling x2  
  171  9:14  Extractor x2  
  171  9:16  Zergling x2  
  171  9:18  Zergling x8  
  171  9:20  Zergling x4  
  171  9:23  Hatchery  
  169  9:28  Zergling x2  
  169  9:29  Zergling x4  
  169  9:30  Zergling x2  
  135  9:32  Zergling x2  
  135  9:35  Zergling x4  
  135  9:36  Zergling x2  
  135  9:37  Zergling x2  
  123  9:45  Zergling x2  
  118  9:46  Zergling x2  
  118  9:47  Zergling x2  
  109  9:55  Zergling x2  
  109  9:59  Zergling x2  
  101  10:03  Zergling x2  
  101  10:04  Zergling x4  
  97  10:10  Zergling x4  
  89  10:27  Mutalisk x5  
  92  10:29  Mutalisk  
  92  10:31  Mutalisk  
  95  10:36  Mutalisk x2  
  95  10:40  Mutalisk  
  95  10:42  Mutalisk x2  
  103  10:44  Zergling x4  
  103  10:46  Zergling x2  
  103  10:48  Mutalisk, Extractor x2  
  108  10:50  Zergling x8  
  108  10:51  Zergling x2  
  108  10:54  Mutalisk  
  115  10:59  Zergling x6  
  115  11:02  Zergling x2  

Tags
 
Add a new tag
Caveats
  • Supply blocks, unpowered buildings, or Contaminate may cause inaccurate times.
  • Supply counts are checked every 10 seconds.